AoeStats
← Tahowsky_91

Arena

508044370Analyzed
4v4 RM · 12d ago on Sep 20, 2026· 43m 30s· 8 players
Game mode
Random Map
Map size
Large (8 player)
Population
200
Speed
Normal
Resources
Standard
Victory
Conquest
Starting age
Dark Age
Ending age
Imperial Age
RankedLock teamsTeams togetherTeam positionsShared explorationLock speedFull tech treeHidden civsTurbo modeCheats
Victory
Defeat
🇹🇷 Bohemians · Türkiye
1419
+9
🇹🇷 Ethiopians · Türkiye
1342
+12
🇹🇷 Hindustanis · Türkiye
1338
+12
🇹🇷 Magyars · Türkiye
1080
+21
🇺🇸 Byzantines · United States
1255
-14
🇺🇾 Burgundians · Uruguay
1255
-14
🇬🇧 Persians · United Kingdom
1235
-13
🇺🇾 Italians · Uruguay
1224
-13
Dreadnaught
3:24 Loom
11:37 Feudal Age
15:24 Fletching
18:52 Castle Age
17:17 Double-Bit Axe
17:32 Horse Collar
21:12 Crossbowman
26:14 Imperial Age
24:46 Gold Mining
25:29 Bow Saw
25:59 Padded Archer Armor
26:54 Bodkin Arrow
28:44 Wheelbarrow
30:17 Chemistry
31:34 Bracer
31:52 Elite Skirmisher
32:38 Thumb Ring
33:17 Fortified Wall
34:21 Leather Archer Armor
41:28 Ring Archer Armor
El Cuco
9:59 Feudal Age
8:34 Double-Bit Axe
12:30 Bow Saw
12:02 Horse Collar
18:08 Castle Age
17:02 Scale Barding Armor
16:56 Stone Mining
17:18 Heavy Plow
18:37 Forging
18:29 Gold Mining
19:21 Wheelbarrow
18:36 Loom
18:39 Town Watch
19:48 Gold Mining
23:39 Town Patrol
26:18 Two-Man Saw
29:12 Imperial Age
27:07 Husbandry
29:29 Gold Shaft Mining
28:20 Cavalier
30:00 Chain Barding Armor
31:24 Iron Casting
34:46 Paladin
37:02 Conscription
39:16 Plate Barding Armor
42:54 Fletching
Kroyen
10:12 Feudal Age
14:05 Castle Age
15:44 Loom
16:55 Fletching
18:41 Bodkin Arrow
20:38 Double-Bit Axe
34:28 Imperial Age
31:50 Town Watch
34:12 Masonry
34:59 Ballistics
34:41 Padded Archer Armor
35:14 Bracer
38:00 Crossbowman
38:45 Thumb Ring
39:12 Leather Archer Armor
39:58 Chemistry
38:36 Arbalester
42:21 Wheelbarrow
41:46 Town Patrol
HaNnibal
9:37 Feudal Age
13:45 Castle Age
11:53 Horse Collar
12:16 Double-Bit Axe
22:00 Wheelbarrow
22:50 Bow Saw
22:40 Heavy Plow
22:46 Heavy Plow
24:33 Hand Cart
29:06 Imperial Age
26:47 Scale Barding Armor
26:53 Forging
26:46 Husbandry
27:02 Bloodlines
27:14 Loom
27:44 Town Watch
28:24 Chain Barding Armor
28:20 Gold Mining
29:57 Plate Barding Armor
30:47 Iron Casting
30:22 Elite War Elephant
31:52 Gold Shaft Mining
33:41 Blast Furnace
34:33 Ballistics
35:14 Chemistry
34:00 Heavy Scorpion
37:35 Conscription
43:25 Gold Shaft Mining
42:40 Stone Mining
43:52 Two-Man Saw
43:23 Crop Rotation
42:45 Fletching
dLL
11:00 Feudal Age
14:46 Castle Age
12:53 Double-Bit Axe
13:32 Horse Collar
15:07 Wheelbarrow
17:46 Bow Saw
20:17 Loom
20:39 Gold Mining
21:11 Town Watch
21:33 Heavy Plow
26:41 Imperial Age
25:16 Gold Shaft Mining
25:49 Hand Cart
25:53 Forging
25:48 Scale Barding Armor
27:03 Town Patrol
27:53 Ballistics
28:40 Chemistry
28:20 Iron Casting
28:05 Chain Barding Armor
27:18 Light Cavalry
28:09 Bloodlines
28:25 Hussar
29:05 Husbandry
30:08 Blast Furnace
32:02 Plate Barding Armor
33:32 Masonry
36:16 Conscription
36:05 Siege Engineers
37:23 Fletching
39:18 Stone Mining
39:30 Heavy Camel Rider
40:16 Grand Trunk Road
41:04 Stone Shaft Mining
40:33 Bodkin Arrow
40:53 Imperial Camel Rider
BassMaverick
7:29 Loom
10:29 Feudal Age
14:34 Castle Age
12:37 Horse Collar
13:31 Double-Bit Axe
17:15 Bow Saw
20:29 Wheelbarrow
28:14 Imperial Age
27:07 Masonry
26:37 Crossbowman
28:36 Fletching
28:46 Padded Archer Armor
28:31 Arbalester
29:30 Thumb Ring
31:15 Gold Mining
32:35 Chemistry
32:56 Ballistics
33:16 Bodkin Arrow
33:38 Stone Mining
34:58 Two-Man Saw
34:59 Bracer
38:03 Leather Archer Armor
41:49 Ring Archer Armor
43:58 Scale Mail Armor
44:09 Forging
Tahowsky_91
10:35 Feudal Age
14:15 Castle Age
12:04 Double-Bit Axe
12:28 Horse Collar
15:12 Bow Saw
19:59 Wheelbarrow
21:54 Hand Cart
22:12 Heavy Plow
25:16 Fervor
27:40 Imperial Age
26:39 Chemistry
26:16 Scale Mail Armor
26:27 Forging
26:49 Loom
26:25 Pikeman
27:06 Squires
27:47 Halberdier
28:43 Chain Mail Armor
28:53 Houfnice
31:08 Plate Mail Armor
31:17 Siege Engineers
39:48 Iron Casting
39:46 Coinage
39:56 Masonry
41:17 Conscription
aragorn
4:04 Loom
12:55 Feudal Age
15:08 Wheelbarrow
17:48 Castle Age
16:14 Double-Bit Axe
17:00 Stone Mining
18:48 Bow Saw
28:39 Horse Collar
30:54 Heavy Plow
31:17 Fletching
31:54 Town Watch
34:27 Elite Skirmisher
35:09 Padded Archer Armor
37:36 Thumb Ring
39:04 Bodkin Arrow
40:49 Ballistics
40:47 Leather Archer Armor
41:44 Gold Mining
Connection lost

Rejoining the realm…

Still unreachable

The connection could not be restored.

Session expired

The server has moved on; the page needs a fresh start.